 Dungeon Crawl Stone Soup version 0.28.0-53-g5a82cb258f (webtiles) character file.

Game seed: 13429464151379633131

276 DocClef the Cudgeller (level 6, -9/55 HPs)
             Began as a Gargoyle Berserker on July 4, 2022.
             Was a Believer of Trog.
             Mangled by an ogre
             ... wielding a +0 giant club
              (23 damage)
             ... on level 3 of the Dungeon.
             The game lasted 00:03:39 (3700 turns).

DocClef the Cudgeller (Gargoyle Berserker)          Turns: 3700, Time: 00:03:39

Health: -9/55      AC: 10    Str: 23    XL:     6   Next: 25%
Magic:  6/6        EV: 11    Int:  7    God:    Trog [**....]
Gold:   146        SH:  0    Dex:  9    Spells: 5/5 levels left

rFire   + . .      SeeInvis .   a - +0 mace
rCold   . . .      Faith    .   (no shield)
rNeg    + . .      Spirit   .   o - +2 leather armour {rF+}
rPois   ∞          Reflect  .   (no helmet)
rElec   +          Harm     .   (no cloak)
rCorr   .          Rampage  .   q - +0 pair of gloves
Will    .....                   (no boots)
Stlth   ..........              (no amulet)
HPRegen 0.18/turn               (no ring)
MPRegen 0.10/turn               (no ring)

@: berserking, very quick
A: sickness immunity, AC +4, negative energy resistance 1, electricity
resistance, torment resistance 1, petrification resistance
a: Renounce Religion, Berserk, Trog's Hand


You were on level 3 of the Dungeon.
You worshipped Trog.
Trog was pleased with you.
You visited 1 branch of the dungeon, and saw 4 of its levels.

You collected 146 gold pieces.

Inventory:

Hand Weapons
 a - a +0 mace (weapon)
Armour
 o - a +2 leather armour of fire resistance (worn)
 q - a +0 pair of gloves (worn)
Scrolls
 c - 3 scrolls of vulnerability {unknown}
 d - a scroll of identify {unknown}
 h - a scroll of amnesia {unknown}
 p - a scroll of teleportation {unknown}
Potions
 e - a potion of degeneration {unknown}
 f - a potion of haste {unknown}
 g - 2 potions of mutation {unknown}
 i - a potion of ambrosia {unknown}
 j - a potion of curing {unknown}
 l - a potion of invisibility {unknown}
 m - a potion of attraction {unknown}
 n - 2 potions of lignification {unknown}


   Skills:
 - Level 3.2 Fighting
 + Level 6.8 Maces & Flails
 - Level 2.1 Armour
 - Level 1.5 Dodging


You had 5 spell levels left.
You didn't know any spells.
Your spell library was empty.

Dungeon Overview and Level Annotations

Branches:
Dungeon (4/15)
 Temple: D:4-7

Altars:


Innate Abilities, Weirdness & Mutations

You are immune to sickness and miasma.
Your stone body is resilient. (AC +4)
You are immune to poison.
You resist negative energy. (rN+)
You are resistant to electric shocks. (rElec)
You are resistant to unholy torment.
You are immune to petrification.


Message History

The giant cockroach bites you but does no damage.
You hit the giant cockroach but do no damage.
The giant cockroach barely misses you.
The giant cockroach bites you but does no damage.
You hit the giant cockroach.
The giant cockroach is moderately wounded.
The giant cockroach closely misses you.
The giant cockroach bites you but does no damage.
The giant cockroach closely misses you.
You thump the giant cockroach!
You kill the giant cockroach!
Trog accepts your kill.
A gnoll comes into view. It is wielding a +0 club.
The giant cockroach bites you.
You barely miss the ogre.
The gnoll shouts!
You hear an angry hiss.
A ball python comes into view.
The ogre hits you with a +0 giant club!!
Ouch! That really hurt!
* * * LOW HITPOINT WARNING * * *
The giant cockroach closely misses you.
A gnoll shaman comes into view. It is wielding a +0 club.
The giant cockroach bites you but does no damage.
The ogre barely misses you.
The giant cockroach bites you but does no damage.
You climb upwards.
There is a stone staircase leading down here.
The giant cockroach bites you but does no damage.
There is a stone staircase leading up here.
A red film seems to cover your vision as you go berserk!
You feel yourself moving faster!
You feel mighty!
The giant cockroach bites you but does no damage.
The ogre misses you.
You barely miss the ogre.
The giant cockroach waves its antennae.
The giant cockroach misses you.
You hit the ogre.
The ogre is lightly wounded.
The ogre hits you with a +0 giant club!!
You die...

.#.....###.......................
........#........................
........#.#..................####
..........#................#.# #.
...#.##..##..................###.
...#..........................##.
...####.#....)...................
...# #.##....>B.................
...# #(.#....)O@................
..># ##.#.....................#.
(..# #.......................#.
...# ##......................##
...######......................#
......†>)<.....................#
#########.##...................##
#.##.....................
#...#####....#.#####....#


You could see an ogre and a giant cockroach.

Vanquished Creatures
  A necrophage (D:3)
  An ogre (D:3)
  A gnoll (D:3)
  4 adders
  A worm (D:3)
  2 orcs
  4 endoplasms
  3 giant cockroaches
  4 hobgoblins
  6 jackals
  3 kobolds
  A quokka (D:2)
  9 ball pythons
  5 bats
  3 frilled lizards (D:2)
  8 goblins
  2 rats
58 creatures vanquished.

Notes
Turn   | Place    | Note
-------+----------+-------------------------------------------
     0 | D:1      | DocClef the Gargoyle Berserker began the quest for the Orb.
     0 | D:1      | Reached XP level 1. HP: 14/14 MP: 1/1
    66 | D:1      | Reached XP level 2. HP: 10/19 MP: 2/2
  1041 | D:1      | Reached skill level 4 in Maces & Flails
  1467 | D:2      | Reached XP level 3. HP: 18/23 MP: 3/3
  1780 | D:2      | Found a faded altar of an unknown god.
  2799 | D:2      | Reached XP level 4. HP: 27/28 MP: 4/4
  2869 | D:3      | Reached ** piety under Trog
  2967 | D:3      | Reached skill level 5 in Maces & Flails
  3293 | D:4      | Noticed an ogre
  3293 | D:4      | Noticed a necrophage
  3308 | D:3      | Killed a necrophage
  3309 | D:3      | Reached skill level 6 in Maces & Flails
  3309 | D:3      | Reached XP level 5. HP: 23/32 MP: 5/5
  3427 | D:3      | HP: 2/48 [ogre/+0 giant spiked club (23)]
  3429 | D:3      | Killed an ogre
  3430 | D:3      | Reached XP level 6. HP: 5/37 MP: 6/6
  3700 | D:3      | Mangled by an ogre

Illustrated notes

Levels and vault maps discovered:
D:1:      dpeg_arrival_rooms_b, layout_loops_ring
D:2:      layout_loops_corners, hellmonk_ecumenical_altar_zigzags,
          eino_tiny_chamber, nrook_mini_backslash, chequers_jeans,
          kennysheep_crisscross, minmay_hexomino_u4
D:3:      layout_rooms
D:4:      layout_rooms, minmay_temple_entry_gardened_gates, st_stairs_9

Skill      XL: |  1  2  3  4 |
---------------+-------------+-----
Maces & Flails | 4 6 |  6.8
Fighting       | |  3.2
Armour         | |  2.1
Dodging        | |  1.5

Action                   |  1- 3 |  4- 6 || total
-------------------------+-------+-------++-------
Melee: Mace              |   136 |    83 ||   219
       Punch             |       |     3 ||     3
Invok: Berserk           |       |     2 ||     2
       Trog's Hand       |       |     1 ||     1
Armor: Animal skin       |    60 |       ||    60
       Scale mail        |    29 |    25 ||    54
       Leather armour    |       |    22 ||    22
Dodge: Dodged            |   104 |    64 ||   168
